 Dungeon Crawl Stone Soup version 0.19.1 (webtiles) character file.

35 Peloso the Skirmisher (level 3, -4/33 HPs)
             Began as a Ghoul Fighter on Dec 8, 2016.
             Slain by Sigmund
             ... wielding a +0 scythe
              (6 damage)
             ... on level 2 of the Dungeon.
             The game lasted 00:03:48 (1009 turns).

Peloso the Skirmisher (Ghoul Fighter)               Turns: 1009, Time: 00:03:48

Health: -4/33      AC:  9    Str: 24    XL:     3   Next: 35%
Magic:  0/2        EV:  7    Int:  3    God:
Gold:   52         SH:  9    Dex:  9    Spells: 0 memorised, 2 levels left

rFire  . . .     SeeInvis .     a - +0 long sword
rCold  + . .     Gourm    .     b - +0 scale mail
rNeg   + + +     Faith    .     c - +0 shield
rPois  ∞         Spirit   +     (no helmet)
rElec  .         Reflect  .     (no cloak)
rCorr  .         Harm     .     (no gloves)
MR     .....                    k - +0 pair of boots {Fly}
Stlth  ..........               v - amulet of guardian spirit
                                u - +2 ring of protection
                                l - ring of loudness (curse)

@: mighty, flying, rotting
A: rotting body, claws 1, carnivore 3, cold resistance 1, negative energy
resistance 3, slow regeneration 1, torment resistance, unbreathing
a: Stop Flying


You were on level 2 of the Dungeon.
You were not hungry.

You visited 1 branch of the dungeon, and saw 2 of its levels.

You collected 52 gold pieces.

Inventory:

Hand Weapons
 a - a +0 long sword (weapon)
Armour
 b - a +0 scale mail (worn)
 c - a +0 shield (worn)
 k - a +0 pair of boots of flying (worn)
Jewellery
 l - a cursed ring of loudness (left claw)
 q - an uncursed amulet of the gourmand
 u - a +2 ring of protection (right claw)
 v - an amulet of guardian spirit (around neck)
Scrolls
 g - a scroll of enchant weapon {unknown}
 h - a scroll of immolation {unknown}
 m - a scroll of remove curse {unknown}
 n - a scroll of amnesia {unknown}
 o - 2 scrolls of teleportation {unknown}
 p - a scroll of identify {unknown}
 r - 3 scrolls of noise {unknown}
Potions
 d - a potion of might
 e - a potion of cancellation {unknown}
 i - 2 potions of brilliance {unknown}
 j - 2 potions of curing {unknown}
Comestibles
 f - 2 meat rations
 s - a beef jerky
 t - 2 chunks of flesh


   Skills:
 + Level 3.7 Fighting
 + Level 2.2 Long Blades
 + Level 3.0 Armour
 + Level 0.3 Dodging
 + Level 2.9 Shields


You had 2 spell levels left.
You didn't know any spells.

Dungeon Overview and Level Annotations

Branches:
Dungeon (2/15)

Altars:

Annotations:
D:2 Sigmund


Innate Abilities, Weirdness & Mutations

Your body is rotting away.
You thrive on raw meat.
You are immune to poison.
You have sharp fingernails.
You are carnivorous and can eat meat at any time.
Your flesh is cold resistant. (rC+)
You are immune to negative energy. (rN+++)
You regenerate slowly when monsters are visible.
You are immune to unholy pain and torment.
You can survive without breathing.


Message History

Sigmund hits you with a scythe!
* * * LOW HITPOINT WARNING * * *
You hit Sigmund.
Sigmund is moderately wounded.
You block Sigmund's attack.
You hit Sigmund.
Sigmund is moderately wounded.
Sigmund screams, "Don't try to resist!"
You block Sigmund's attack.
You closely miss Sigmund.
Sigmund is moderately wounded.
Sigmund hits you with a scythe.
* * * LOW HITPOINT WARNING * * *
You closely miss Sigmund.
Sigmund is moderately wounded.
Sigmund barely misses you.
You barely miss Sigmund.
Sigmund is moderately wounded.
Sigmund hits you with a scythe!
You die...

.######.#...............
............).####..####
.......................)
#######.....#.#####.#####
.....%'.......[..........
#######....#.#.####.#####
#....#.#...........
#....#.#...##.####. ###
#.@..#.#...##.# #.
..###############@##.#.#.##.# #.
#..............##.##.#.#.##.####.
...##...######.##.##.#.#.#.......
...##...# #(##.# #.#.#.......
...##...# #(##.# #.#.........
...##...######.##.. #.#..#..####
...##.......##.#######.#.........
#..#####....##.........##.#..####


You could see Sigmund.

Vanquished Creatures
  An ooze (D:1)
  2 dart slugs (D:2)
  A ball python (D:2)
  2 giant cockroaches (D:2)
  3 hobgoblins
  3 bats
  3 frilled lizards
  6 goblins
  4 kobolds
  3 rats (D:1)
28 creatures vanquished.

Notes
Turn   | Place    | Note
-------+----------+-------------------------------------------
     0 | D:1      | Peloso the Ghoul Fighter began the quest for the Orb.
     0 | D:1      | Reached XP level 1. HP: 19/19 MP: 0/0
   186 | D:1      | Reached XP level 2. HP: 25/25 MP: 1/1
   794 | D:2      | Reached XP level 3. HP: 30/33 MP: 2/2
   994 | D:2      | Noticed Sigmund
  1007 | D:2      | HP: 1/33 [Sigmund/scythe (5)]
  1009 | D:2      | Slain by Sigmund

Skill      XL: |  1  2 |
---------------+-------+-----
Long Blades    | 2 |  2.2
Armour         | 3 |  3.0
Fighting       | |  3.7
Dodging        | |  0.3
Shields        | |  2.9

Action                   || total
-------------------------++-------
Melee: Long sword        ||    77
  Use: Potion            ||     1
  Eat: Chunk             ||     3
Armor: Scale mail        ||    42
Dodge: Dodged            ||    20
Block: Shield            ||    38
       Rpst.: Long sword ||     9
